 Dungeon Crawl Stone Soup version 0.32-a0-953-g508020473e (webtiles) character file.

Game seed: 6987404137699910660

155097 Autsider the Dancer (level 17, -20/89 HPs)
             Began as a Vine Stalker Enchanter on Apr 17, 2024.
             Was a High Priest of Uskayaw.
             Demolished by an orc knight
             ... wielding a +0 glaive
              (36 damage)
             ... on level 1 of the Elven Halls.
             The game lasted 01:31:41 (23532 turns).

Autsider the Dancer (Vine Stalker Enchanter)       Turns: 23532, Time: 01:31:41

Health: -20/89     AC: 20    Str: 11    XL:     17   Next: 64%
Magic:  0/31       EV: 15    Int: 15    God:    Uskayaw [*****.]
Gold:   1800       SH:  9    Dex: 23    Spells: 24/34 levels left

rFire   . . .        d - +4 dagger
rCold   . . .        p - +2 buckler
rNeg    . . .        F - +3 troll leather armour
rPois   .            k - +0 helmet {SInv}
rElec   .            R - +0 cloak
rCorr   .            Z - +0 pair of gloves
SInv    +            l - +1 pair of boots
Will    ++...        Y - amulet of the acrobat
Stlth   +++++        L - +4 ring of protection
HPRegen 1.94/turn    S - +4 ring of protection
MPRegen 0.22/turn

%: acrobat, guardian spirit
@: no status effects
A: fangs 3, regeneration 1, magic shield, antimagic bite, no potion heal 2
a: Renounce Religion, Stomp, Line Pass, Grand Finale


You were on level 1 of the Elven Halls.
You worshipped Uskayaw.
Uskayaw was pleased with you.
You visited 5 branches of the dungeon, and saw 24 of its levels.
You also visited: Sewer and Bailey.

You collected 2179 gold pieces.
You spent 379 gold pieces at shops.

Inventory:

Hand Weapons
 d - a +4 dagger (weapon)
Missiles
 e - 8 javelins (quivered)
 j - 10 atropa-tipped darts
 o - 4 throwing nets
 y - 6 silver javelins
 J - 5 curare-tipped darts
Armour
 k - a +0 helmet of see invisible (worn)
 l - a +1 pair of boots (worn)
 p - a +2 buckler (worn)
 F - a +3 troll leather armour (worn)
 R - a +0 cloak (worn)
 Z - a +0 pair of gloves (worn)
Jewellery
 a - a ring of see invisible
 b - a ring of poison resistance
 L - a +4 ring of protection (left hand)
 S - a +4 ring of protection (right hand)
 Y - an amulet of the acrobat (around neck)
Wands
 m - a wand of quicksilver (31)
 u - a wand of flame (18)
 M - a wand of digging (4)
 N - a wand of roots (36)
 T - a wand of polymorph (5)
Scrolls
 n - 3 scrolls of fear
 q - 3 scrolls of blinking
 r - 2 scrolls of butterflies
 v - 4 scrolls of teleportation {@r2}
 x - 4 scrolls of fog
 A - 4 scrolls of immolation
 G - 5 scrolls of revelation
Potions
 c - 4 potions of invisibility
 f - 3 potions of ambrosia
 g - 5 potions of lignification
 h - 8 potions of enlightenment
 i - 8 potions of curing {@q1}
 s - a potion of might
 t - a potion of brilliance
 D - 4 potions of berserk rage
 H - a potion of resistance
 I - 2 potions of magic
 O - a potion of cancellation {unknown}
Miscellaneous
 U - a phantom mirror


   Skills:
 - Level 10.0 Fighting
 - Level 10.0 Short Blades
 - Level 6.0 Armour
 + Level 7.2 Dodging
 - Level 10.0 Stealth
 - Level 10.0 Shields
 + Level 9.4 Spellcasting
 - Level 3.0 Conjurations
 + Level 9.0 Hexes
 + Level 14.4 Invocations


You had 24 spell levels left.
You knew the following spells:

 Your Spells              Type           Power      Damage    Failure   Level
a - Jinxbite              Hex            68%        N/A       1%          2
b - Confusing Touch       Hex            34%        N/A       1%          3
c - Tukima's Dance        Hex            34%        N/A       1%          3
d - Ensorcelled Hibernat  Hex/Ice        40%        N/A       4%          2

Your spell library contained the following spells:

 Spells                   Type           Power      Damage    Failure   Level
 Dazzling Flash           Conj/Hex       50%        N/A       4%          3
 Sting                    Conj/Alch      44%        1d5       9%          1
 Freeze                   Ice            28%        1d5       17%         1
 Mercury Vapours          Alch/Air       14%        N/A       26%         2
 Hailstorm                Conj/Ice       11%        3d6       26%         3
 Dimensional Bullseye     Hex/Tloc       10%        N/A       26%         4
 Frozen Ramparts          Ice            14%        1d3       45%         3
 Maxwell's Portable Pile  Tloc           7%         2d(5-15)  45%         3
 Summon Ice Beast         Ice/Summ       7%         N/A       45%         3
 Summon Mana Viper        Hex/Summ       20%        N/A       58%         5
 Yara's Violent Unravell  Hex/Alch       10%        3d6       58%         5
 Iskenderun's Mystic Bla Conj/Tloc 11%            2d4        (+2d2     65%         4
 Ignite Poison            Fire/Alch      7%         N/A       86%         4
 Olgreb's Toxic Radiance  Alch           7%         N/A       86%         4
 Passage of Golubria      Tloc           7%         N/A       86%         4
 Sticky Flame             Fire/Alch      7%         2d4       86%         4
 Enfeeble                 Hex            17%        N/A       98%         7
 Alistair's Intoxication  Alch           4%         N/A       99%         5
 Borgnjor's Vile Clutch   Necr/Erth      3%         N/A       99%         5
 Summon Forest            Summ/Tloc      3%         N/A       99%         5
 Eringya's Noxious Bog    Alch           3%         4d6       100%        6
 Permafrost Eruption      Ice/Erth       3%         2x4d2     100%        6
 Sculpt Simulacrum        Ice/Alch       3%         N/A       100%        6
 Summon Cactus Giant      Summ           3%         N/A       100%        6
 Magnavolt                Erth/Air       3%         3d9       100%        7
 Ignition                 Fire           3%         3d4       100%        8
 Maxwell's Capacitive Co  Air            3%         ∞         100%        8


Dungeon Overview and Level Annotations

Branches:
Dungeon (15/15)            Temple (1/1) D:4            Lair (5/5) D:8
  Swamp (0/4) Lair:2        Snake (0/4) Lair:3        Slime (0/5) Lair:4
    Orc (2/2) D:11            Elf (1/3) Orc:2        Vaults (0/5) D:13
 Depths (0/4) D:15          Sewer (visited)          Bailey (visited)

Altars:
Ashenzari
Cheibriados
Dithmenos
Elyvilon
Fedhas
Gozag
Hepliaklqana
Kikubaaqudgha
Makhleb
Nemelex Xobeh
Okawaru
Qazlal
Ru
Sif Muna
Trog
Uskayaw
Vehumet
Wu Jian
Xom
Yredelemnul
Zin
The Shining One
Beogh
Jiyva

Shops:
D:4 *   D:12 [   Orc:2 =[*(

Portals:
Trove: D:13 (give 15 scrolls of teleportation)

Annotations:
D:3 exclusion: downstairs
Lair:2 exclusion: downstairs
Lair:4 exclusion: oklob plant


Innate Abilities, Weirdness & Mutations

You have razor-sharp teeth.
Your natural rate of healing is unusually fast.
When hurt, damage is shared between your health and your magic reserves.
Your bite disrupts and absorbs the magic of your enemies.
Potions cannot restore your health.


Message History

You kill the orc high priest!
The liquid fire burns you!
* * * LOW HITPOINT WARNING * * *
Your Hexes skill increases to level 9!
You shake off the liquid fire.
The orc knight misses you.
Items here: ))) [ ††.
You hit the orc knight but do no damage.
You bite the orc knight, but do no damage.
The orc knight is severely wounded.
The orc knight hits you with a +0 glaive!
* * * LOW HITPOINT WARNING * * *
You hit the orc knight but do no damage.
Your bite misses the orc knight.
The orc knight is severely wounded.
You puncture the orc knight!
The orc knight is severely wounded.
The orc knight completely misses you.
You closely miss the orc knight.
You bite the orc knight, but do no damage.
The orc knight is severely wounded.
You barely miss the orc knight.
You bite the orc knight, but do no damage.
The orc knight is severely wounded.
The orc knight hits you with a +0 glaive!
* * * LOW HITPOINT WARNING * * *
You hit the orc knight but do no damage.
Your bite misses the orc knight.
The orc knight is severely wounded.
You hit the orc knight. Your bite misses the orc knight.
The orc knight is severely wounded.
The orc knight hits you with a +0 glaive!
* * * LOW HITPOINT WARNING * * *
Okay, then.
You stomp with the beat, sending a shockwave through the revellers around you!
The orc knight is almost dead.
The orc knight is no longer sharing its pain.
The orc knight hits you with a +0 glaive!!!
You die...
Your body falls in perfect tune with the rhythm.

##'...##
##.....##
##.)..+
+..P.P..#
#.....#
#...ß...#
#.....#
##..P.P..#
##+####
#.'.....###
#.).#######
#.))# #)))#
#.@)# #)o.#
#...# #'''#
.....
...ß...
........
.##...##.


You could see an orc knight (strong).

Vanquished Creatures
  A dire elephant (D:15)
  Azrael (Orc:2)
  A deep elf high priest (Elf:1)
  A catoblepas (D:15)
  4 hydras
  A great orb of eyes (D:15)
  5 centaur warriors
  3 boulder beetles
  2 two-headed ogres
  2 death yaks
  Sonja (Lair:5)
  5 orc high priests
  5 deep elf knights (Elf:1)
  A skyshark (Lair:5)
  Pikel (D:4)
  An orange crystal statue (D:12)
  13 orc knights
  A harpy (shapeshifter) (D:15)
  6 deep elf zephyrmancers (Elf:1)
  4 deep elf pyromancers
  A dancing weapon (Bailey)
  4 manticores
  3 cyclopes (D:14)
  6 orc sorcerers
  An ugly thing (D:12)
  Maurice (D:7)
  A salamander (D:15)
  9 elephants
  2 kobold blastminers (Orc:2)
  3 black mambas
  Joseph (D:9)
  28 slime creatures
  3 unseen horrors
  A gargoyle (D:12)
  2 torpor snails
  12 cane toads
  7 komodo dragons
  5 rime drakes
  Jeremiah (D:9)
  An efreet (D:15)
  A freezing wraith (D:14)
  5 trolls
  7 polar bears
  Prince Ribbit (D:5)
  6 hornets
  29 blink frogs
  14 dream sheep (Lair:5)
  17 spriggans
  2 shadows
  A wraith (D:7)
  2 vampires (D:9)
  A wyvern (Lair:3)
  21 yaks
  9 basilisks
  Eustachio (D:4)
  A water elemental (Elf:1)
  A fire elemental (Orc:2)
  11 vampire mosquitoes
  A steam dragon (D:8)
  A warg (Orc:2)
  3 nagas (Lair:3)
  An acid dragon (shapeshifter) (D:15)
  5 hell hounds (Orc:2)
  Duvessa (D:5)
  11 water moccasins
  2 black bears
  20 orc warriors
  2 ice beasts
  2 laughing skulls (D:15)
  4 boggarts (Lair:5)
  15 centaurs
  41 wolves
  3 ogres
  2 phantoms
  A lemure (D:4)
  10 kobold brigands
  7 bullfrogs
  4 gnoll sergeants
  4 scorpions
  5 wights
  5 jellies
  Dowan (D:5)
  13 killer bees
  3 electric eels (Lair:1)
  15 howler monkeys
  4 bombardier beetles
  5 hounds
  15 orc priests
  A gnoll bouda (D:7)
  2 sleepcaps (D:5)
  5 iguanas
  22 orc wizards
  22 gnolls
  4 river rats
  8 adders
  A shadow imp (D:6)
  2 ufetubi (D:6)
  A dart slug (D:2)
  8 ribbon worms
  64 orcs
  4 bats
  8 endoplasms
  5 giant cockroaches
  15 goblins
  8 hobgoblins
  5 jackals
  3 quokkas
  8 ball pythons
  3 frilled lizards
  31 kobolds
  9 rats
726 creatures vanquished.

Vanquished Creatures (collateral kills)
  A two-headed ogre (D:11)
  Sigmund (D:4)
  5 wights
  An orc priest (D:11)
  A gnoll (D:7)
  4 orcs
  A giant cockroach (D:4)
  2 goblins (D:8)
  4 kobolds
20 creatures vanquished.

Vanquished Creatures (others)
  13 dancing weapons
  An orc priest (Orc:2)
  An orc wizard (Orc:2)
15 creatures vanquished.

Grand Total: 761 creatures vanquished

Notes
Turn   | Place    | Note
-------+----------+-------------------------------------------
     0 | D:1      | Autsider the Vine Stalker Enchanter began the quest for the
                  | Orb.
     0 | D:1      | Reached XP level 1. HP: 9/9 MP: 4/4
   141 | D:1      | Reached skill level 1 in Short Blades
   157 | D:1      | Reached XP level 2. HP: 11/13 MP: 4/6
   655 | D:1      | Found a faded altar of an unknown god.
   995 | D:2      | Reached XP level 3. HP: 16/16 MP: 5/7
  1231 | D:2      | Learned a level 2 spell: Jinxbite
  1352 | D:3      | Reached XP level 4. HP: 21/21 MP: 7/9
  1763 | D:3      | Found a shimmering altar of Xom.
  2067 | D:4      | Noticed Sigmund
  2127 | D:4      | Learned a level 3 spell: Confusing Touch
  2131 | D:4      | Learned a level 3 spell: Tukima's Dance
  2207 | D:4      | Reached XP level 5. HP: 24/24 MP: 8/10
  2208 | D:4      | Noticed a lemure
  2235 | D:4      | Killed a lemure
  2307 | D:4      | Noticed Pikel
  2311 | D:4      | Noticed a lemure
  2323 | D:4      | Noticed a lemure
  2336 | D:4      | Noticed a lemure
  2368 | D:4      | Killed Pikel
  2369 | D:4      | Reached XP level 6. HP: 28/28 MP: 9/13
  2369 | D:4      | Reached XP level 7. HP: 32/32 MP: 9/14
  2460 | D:4      | Noticed Eustachio
  2476 | D:4      | Killed Eustachio
  2477 | D:4      | Reached skill level 5 in Short Blades
  2522 | D:4      | Found a staircase to the Ecumenical Temple.
  2546 | Temple   | Entered the Ecumenical Temple
  2614 | D:4      | Killed Sigmund
  2615 | D:4      | Gained mutation: You have razor-sharp teeth. [Vine Stalker
                  | growth]
  2615 | D:4      | Reached XP level 8. HP: 36/36 MP: 7/15
  2721 | D:4      | Found Wagiwn's Assorted Antiques.
  2731 | D:4      | Bought a scroll labelled FEIL BOHIRCHI for 31 gold pieces
  2731 | D:4      | Bought a scroll labelled XECINOT SIVUNI for 31 gold pieces
  2731 | D:4      | Bought a scroll labelled EMIT GAXKAKI for 31 gold pieces
  2731 | D:4      | Bought a blue potion for 27 gold pieces
  2731 | D:4      | Bought a scroll labelled XYZIAR WAUVAZO for 31 gold pieces
  2913 | D:5      | Entered Level 5 of the Dungeon
  3044 | D:5      | Noticed Prince Ribbit
  3103 | D:5      | Reached skill level 1 in Fighting
  3103 | D:5      | Reached skill level 1 in Armour
  3194 | D:5      | Noticed Dowan
  3305 | D:5      | Noticed Duvessa
  3318 | D:5      | Killed Duvessa
  3319 | D:5      | Reached skill level 5 in Stealth
  3327 | D:5      | Killed Dowan
  3496 | D:5      | Reached XP level 9. HP: 22/42 MP: 6/16
  3582 | D:5      | Found a glowing drain.
  3591 | Sewer    | Entered a sewer
  3811 | Sewer    | Reached skill level 5 in Hexes
  4487 | D:5      | Killed Prince Ribbit
  4719 | D:6      | Identified the +2 spear of the Whelk {heavy, rCorr Int+3}
  4944 | D:6      | Reached skill level 1 in Conjurations
  5301 | D:6      | Found an opulent altar of Gozag.
  5301 | D:6      | Found a blossoming altar of Fedhas.
  5413 | D:7      | Reached XP level 10. HP: 51/51 MP: 10/17
  6072 | D:7      | Noticed Maurice
  6076 | D:7      | Maurice stole a ring of willpower
  6082 | D:7      | Maurice stole an orb of mayhem
  6085 | D:7      | Maurice stole 276 gold
  6092 | D:7      | Maurice stole 10 boomerangs
  6121 | D:7      | Killed Maurice
  6122 | D:7      | Reached skill level 5 in Fighting
  6122 | D:7      | Reached skill level 1 in Shields
  6122 | D:7      | Reached skill level 5 in Spellcasting
  6652 | D:8      | Noticed a death yak
  6883 | D:8      | Found a flagged portal.
  6889 | Bailey   | Entered a bailey
  7066 | Bailey   | Noticed an orc knight
  7082 | Bailey   | Killed an orc knight
  7581 | D:8      | Reached XP level 11. HP: 56/56 MP: 21/21
  7628 | D:8      | Found a staircase to the Lair.
  7748 | D:8      | Killed a death yak
  7758 | D:8      | Reached skill level 10 in Short Blades
  8154 | D:8      | Found a snail-covered altar of Cheibriados.
  8529 | D:9      | Reached skill level 5 in Shields
  8609 | D:9      | Noticed Jeremiah
  8615 | D:9      | Killed Jeremiah
  8741 | D:9      | Noticed a two-headed ogre
  8753 | D:9      | Killed a two-headed ogre
  8957 | D:9      | Found a shadowy altar of Dithmenos.
  8980 | D:9      | Found a sacrificial altar of Ru.
  9279 | D:9      | Noticed Joseph
  9290 | D:9      | Killed Joseph
  9388 | D:10     | Entered Level 10 of the Dungeon
  9696 | D:10     | Found a hide-covered altar of Uskayaw.
  9709 | D:10     | Became a worshipper of Uskayaw the Reveller
  9778 | D:10     | Reached * piety under Uskayaw
  9779 | D:10     | Reached ** piety under Uskayaw
 10280 | D:11     | Found a staircase to the Orcish Mines.
 10413 | D:11     | Noticed a two-headed ogre
 10418 | D:11     | Killed a two-headed ogre
 10706 | D:9      | Reached *** piety under Uskayaw
 10745 | Lair:1   | Entered Level 1 of the Lair of Beasts
 10771 | Lair:1   | Reached XP level 12. HP: 62/62 MP: 22/22
 10875 | Lair:1   | Found a gate leading to a gauntlet.
 11032 | Lair:1   | Reached **** piety under Uskayaw
 11034 | Lair:1   | Reached ***** piety under Uskayaw
 11401 | Lair:2   | HP: 3/63 [cane toad (2)]
 11403 | Lair:2   | Reached skill level 1 in Invocations
 11850 | Lair:2   | Noticed a six-headed hydra
 11886 | Lair:2   | Reached skill level 2 in Invocations
 11886 | Lair:2   | Killed a six-headed hydra
 11966 | Lair:2   | Found a staircase to the Swamp.
 12045 | Lair:2   | Noticed a six-headed hydra
 12050 | Lair:2   | Learned a level 2 spell: Ensorcelled Hibernation
 12063 | Lair:2   | Killed a six-headed hydra
 12395 | Lair:2   | Reached skill level 3 in Invocations
 12667 | Lair:3   | Noticed a death yak
 12742 | Lair:2   | Killed a death yak
 12761 | Lair:3   | Reached skill level 4 in Invocations
 12761 | Lair:3   | Reached XP level 13. HP: 68/68 MP: 12/23
 12794 | Lair:3   | Reached skill level 10 in Stealth
 12923 | Lair:3   | Reached skill level 5 in Invocations
 13476 | Lair:3   | Found a staircase to the Snake Pit.
 14096 | Lair:4   | Reached skill level 6 in Invocations
 14165 | Lair:4   | Found a staircase to the Slime Pits.
 14166 | Lair:4   | Found a viscous altar of Jiyva.
 14808 | Lair:5   | Entered Level 5 of the Lair of Beasts
 14919 | Lair:5   | Reached ****** piety under Uskayaw
 15285 | Lair:5   | Reached skill level 7 in Invocations
 15379 | Lair:5   | Paralysed by a hornet for 2 turns
 15558 | Lair:5   | Reached skill level 10 in Fighting
 15587 | Lair:5   | Reached skill level 10 in Shields
 15587 | Lair:5   | Reached XP level 14. HP: 77/77 MP: 24/24
 15645 | Lair:5   | Reached skill level 8 in Invocations
 15730 | Lair:5   | Reached skill level 9 in Invocations
 15756 | Lair:5   | Noticed Sonja
 15796 | Lair:5   | Killed Sonja
 15877 | Lair:5   | Reached skill level 10 in Invocations
 16988 | D:11     | Reached skill level 11 in Invocations
 18044 | D:12     | Found Ryezeyme's Antique Armour Shop.
 18092 | D:12     | Reached skill level 5 in Dodging
 18092 | D:12     | Reached XP level 15. HP: 80/80 MP: 24/26
 18095 | D:12     | Reached skill level 13 in Invocations
 18095 | D:12     | Reached XP level 16. HP: 85/85 MP: 24/27
 18869 | D:13     | Found a gate to the Vaults.
 19093 | D:13     | Found a portal to a secret trove of treasure.
 19415 | D:14     | Found a sacrificial altar of Ru.
 20445 | D:15     | Entered Level 15 of the Dungeon
 20783 | D:15     | Reached XP level 17. HP: 89/89 MP: 29/29
 21130 | D:15     | Reached skill level 5 in Armour
 21226 | D:15     | Found a staircase to the Depths.
 21545 | Orc:1    | Entered Level 1 of the Orcish Mines
 21637 | Orc:1    | Found a roughly hewn altar of Beogh.
 21901 | Orc:2    | Entered Level 2 of the Orcish Mines
 21925 | Orc:2    | Found a staircase to the Elven Halls.
 22101 | Orc:2    | Found a roughly hewn altar of Beogh.
 22150 | Orc:2    | Noticed Azrael
 22175 | Orc:2    | Killed Azrael
 22183 | Orc:2    | Reached skill level 14 in Invocations
 22296 | Orc:2    | Found Raetyant's Weapon Boutique.
 22800 | Orc:2    | Found Apiz's Jewellery Boutique.
 22800 | Orc:2    | Found Utzof's Assorted Antiques.
 22800 | Orc:2    | Found Ihiyt's Armour Shoppe.
 23064 | Orc:2    | Bought a scroll of identify for 48 gold pieces
 23064 | Orc:2    | Bought a runed helmet for 180 gold pieces
 23196 | Elf:1    | Entered Level 1 of the Elven Halls
 23532 | Elf:1    | Demolished by an orc knight

Illustrated notes

Levels and vault maps discovered:
D:1:      lightli_iron_boxes, layout_basic, dilly_ecumenical_altar_fadedgnrine
D:2:      layout_rooms
D:3:      layout_loops_ring, lemuel_tele_altar
D:4:      layout_loops_ring, minmay_temple_entry_sparse_star, serial_shops,
          nicolae_shop_crystal, minmay_misc_feat_plants, uniq_pikel,
          uniq_sigmund, uniq_eustachio
D:5:      layout_basic, lightli_sewer_entry_pipes, uniq_prince_ribbit1,
          uniq_duvessa
D:6:      nicolae_cairo_tiling_large, layout_rooms,
          gammafunk_temple_overflow_wave, minmay_fractal_squares_gapless_5
D:7:      layout_loops_corners, grunt_ministairs_2, uniq_maurice
D:8:      layout_basic, slow_altar_2, dpeg_lair_monsters, enter_bailey_3,
          serial_aquarium, aquarium_bridge_island_large
          [aquarium_subvault_large_water, aquarium_subvault_bridge,
          aquarium_subvault_window, aquarium_subvault_bridge,
          aquarium_subvault_bridge], aquarium_bridge_square
          [aquarium_subvault_bridge, aquarium_subvault_wall,
          aquarium_subvault_bridge, aquarium_subvault_wall],
          aquarium_window_corner, aquarium_window_double, aquarium_window_fake,
          aquarium_window_3, aquarium_view_2d, aquarium_view_2e,
          aquarium_balcony_5b, aquarium_pool_1
D:9:      wander_river, layout_irregular_city, mainiacjoe_overflow_big_doors,
          uniq_joseph, uniq_jeremiah
D:10:     layout_roguey, eat_drink_and_be_merry_uskayaw
D:11:     layout_layer_cave, david_orc_3, grunt_ministairs_7
D:12:     minmay_statue_hallways, layout_basic, serial_shops, shop,
          hangedman_abyss_or_decor_jellyfish_corner
D:13:     layout_big_octagon, hellmonk_vaults_attempted_burglary,
          nicolae_trove_entry_isolated
D:14:     layout_grid_maze, hangedman_ru_absence
D:15:     hangedman_depths_entry_try_elsewhere_first, layout_stronghold
Temple:   nicolae_temple_superstar
Lair:1:   layout_cave_shapes, serial_bayou, serial_bayou_shore_b,
          serial_bayou_pond_a, serial_bayou_pond_a, serial_bayou_pond_c,
          serial_bayou_pond_c, serial_bayou_crossing, gauntlet_entry_generic,
          infiniplex_staircase_pool
Lair:2:   layout_cave_pods, swamp_mist_pool, grunt_megastairs_3
Lair:3:   layout_chaotic_city, nicolae_snake_entry_squirm,
          eino_small_chamber_without_monster, serial_bayou_pond_b
Lair:4:   layout_cave_pods, slime_entry_1, forest_entry_grove,
          grunt_megastairs_1
Lair:5:   minmay_lair_end_enchanted_forest, layout_concentric_octagons,
          minivault_26, grunt_forest_small_clearing_treed, uniq_sonja
Orc:1:    layout_caves, basic_altar
Orc:2:    st_orc_elflike, layout_caves, basic_altar, nicolae_orc_bridge_out,
          uniq_azrael
Elf:1:    nicolae_elf_arrival_no_cutting_in_line, layout_geoelf_octagon,
          serial_shops, shop, nicolae_shop_behind_doors, nicolae_square_shop,
          shop, shop, nicolae_elf_theology_debate

Skill      XL: |  1  2  3  4  5  6  7  8  9 10 11 12 13 14 15 16 17 |
---------------+----------------------------------------------------+-----
Short Blades   | 1 2 4 5 6 7 9 10 | 10.0
Stealth        | 4 5 6 7 9 10 | 10.0
Dodging        | 2 4 5 7 |  7.2
Spellcasting   | 3 4 6 7 9 |  9.4
Hexes          | 4 6 8 9 |  9.0
Fighting       | 2 4 5 6 8 10 | 10.0
Armour         | 2 3 4 6 |  6.0
Conjurations   | 1 3 |  3.0
Shields        | 2 6 8 10 | 10.0
Invocations    | 4 7 11 13 14 | 14.4

Action                     |  1- 3 |  4- 6 |  7- 9 | 10-12 | 13-15 | 16-18 || total
---------------------------+-------+-------+-------+-------+-------+-------++-------
  Melee: Dagger            |    81 |    89 |   559 |  1169 |  1145 |   938 ||  3981
         Bite              |    18 |    22 |   195 |   461 |   528 |   430 ||  1654
  Throw: Dart              |       |       |       |    10 |       |       ||    10
         Boomerang         |       |       |       |     1 |       |       ||     1
   Cast: Jinxbite          |     1 |     7 |     3 |    15 |       |       ||    26
         Confusing Touch   |       |     2 |    37 |   123 |    21 |       ||   183
         Tukima's Dance    |       |     2 |    12 |    42 |     8 |       ||    64
         Ensorcelled Hiber |       |       |       |    11 |     7 |     5 ||    23
 Invoke: Stomp             |       |       |       |     3 |     1 |     3 ||     7
         Grand Finale      |       |       |       |       |     2 |       ||     2
         Line Pass         |       |       |       |       |     1 |     1 ||     2
    Use: Scroll            |       |     2 |     5 |    14 |     5 |     6 ||    32
         Potion            |       |       |       |       |     3 |       ||     3
   Stab: Sleeping          |     9 |     3 |    10 |    13 |     5 |    16 ||    56
         Confused          |       |     1 |    24 |    65 |    17 |     1 ||   108
         Distracted        |       |       |       |     1 |     3 |     1 ||     5
         Paralysed         |       |       |       |    20 |    60 |    63 ||   143
 Armour: Robe              |    35 |    37 |     8 |       |       |       ||    80
         Leather armour    |       |       |   188 |    94 |       |       ||   282
         Troll leather arm |       |       |       |   561 |   551 |   460 ||  1572
         Skin              |       |       |       |     5 |       |       ||     5
  Dodge: Dodged            |    49 |    50 |   229 |   544 |   473 |   461 ||  1806
  Block: Buckler           |       |       |       |   246 |   394 |   376 ||  1016

Table legend: (Time is in decaauts)
 A = Elapsed time spent in this place.
 B = Non-inter-level travel time spent in this place.
 C = Inter-level travel time spent in this place.
 D = Time resting spent in this place.
 E = Time spent auto-exploring this place.
 F = Levels seen in this place.
 G = Mean time per level.
                   A        B        C        D        E       F      G
               +--------+--------+--------+--------+--------+-----+--------+
         Total |  22159 |  20528 |   1631 |   1566 |  12101 |  26 |  852.3 |
       Dungeon |  13552 |  12396 |   1156 |    644 |   7950 |  15 |  903.5 |
        Temple |      1 |      0 |      1 |      0 |      0 |   1 |    1.0 |
          Lair |   5486 |   5148 |    338 |    616 |   2714 |   5 | 1097.2 |
  Orcish Mines |   1466 |   1331 |    135 |    101 |    738 |   2 |  733.0 |
   Elven Halls |    290 |    290 |      0 |    135 |     73 |   1 |  290.0 |
         Sewer |    831 |    831 |      0 |      0 |    481 |   1 |  831.0 |
        Bailey |    531 |    531 |      0 |     70 |    143 |   1 |  531.0 |
               +--------+--------+--------+--------+--------+-----+--------+

Top non-repeatable levels by time:
  Lair:5: 1639 daAuts
    D:11: 1541 daAuts
     D:8: 1250 daAuts
  Lair:2: 1230 daAuts
  Lair:4: 1134 daAuts
     D:7: 1134 daAuts
   Orc:2: 1004 daAuts
    D:14: 999 daAuts
     D:9: 992 daAuts
  Lair:3: 933 daAuts
    D:12: 894 daAuts
     D:5: 894 daAuts
    D:15: 887 daAuts
     D:1: 873 daAuts
   Sewer: 831 daAuts
